 Dungeon Crawl Stone Soup version 0.30-a0-335-ge5acde7520 (webtiles) character file.

Game seed: 1160826894385576535

20 Babtu the Chopper (level 2, -2/26 HPs)
             Began as a Minotaur Fighter on Oct 30, 2022.
             Slain by a gnoll
             ... wielding a +0 halberd
              (11 damage)
             ... on level 2 of the Dungeon.
             The game lasted 00:00:50 (438 turns).

Babtu the Chopper (Minotaur Fighter)                 Turns: 438, Time: 00:00:51

Health: -2/26      AC:  6    Str: 20    XL:     2   Next: 58%
Magic:  1/1        EV:  9    Int:  5    God:
Gold:   28         SH:  4    Dex:  9    Spells: 1/1 levels left

rFire   . . .      SeeInvis .    a - +0 war axe
rCold   . . .      Faith    .    c - +0 buckler
rNeg    . . .      Spirit   .    b - +0 scale mail
rPois   .          Reflect  .    (helmet restricted)
rElec   .          Harm     .    (no cloak)
rCorr   .          Rampage  .    (no gloves)
Will    .....                    (no boots)
Stlth   ..........               (no amulet)
HPRegen 0.24/turn                (no ring)
MPRegen 0.07/turn                (no ring)

@: lethally poisoned (-2 -> -3)
A: horns 2, retaliatory headbutt
a: no special abilities


You were on level 2 of the Dungeon.
You visited 1 branch of the dungeon, and saw 2 of its levels.

You collected 28 gold pieces.

Inventory:

Hand Weapons
 a - a +0 war axe (weapon)
Armour
 b - a +0 scale mail (worn)
 c - a +0 buckler (worn)
Scrolls
 e - a scroll of immolation {unknown}
 f - a scroll of magic mapping {unknown}
 h - 3 scrolls of identify {unknown}
 i - a scroll of teleportation {unknown}
 j - a scroll of fear {unknown}
 k - a scroll of vulnerability {unknown}
Potions
 d - a potion of might
 g - a potion of heal wounds {unknown}


   Skills:
 - Level 3.6 Fighting
 + Level 4.0 Axes
 - Level 3.6 Armour
 - Level 3.6 Shields


You had one spell level left.
You didn't know any spells.
Your spell library was empty.

Dungeon Overview and Level Annotations

Branches:
Dungeon (1/15)

Altars:


Innate Abilities, Weirdness & Mutations

You have a pair of horns on your head.
You reflexively headbutt those who attack you in melee.


Message History

Your Axes skill increases to level 4!
No target in view!
No target in view!
No target in view!
No target in view!
No target in view!
No target in view!
No target in view!
Things that are here:
a +0 dagger; a goblin corpse You now have 28 gold pieces (gained 5).
Things that are here:
a +0 dagger; a goblin corpse You see here a bat corpse.
There is a stone staircase leading down here.
An adder and a gnoll come into view.
The gnoll shouts!
A hobgoblin comes into view.
The gnoll moves out of view.
There are monsters nearby!
There are monsters nearby!
There are monsters nearby! 2 gnolls come into view.
Found a pair of gloves.
The gnoll shouts! x2; You hear a shout!
The adder closely misses you.
You barely miss the adder. Your headbutt misses the adder. The adder bites you.
You barely miss the adder. Your headbutt misses the adder.
The adder bites you but does no damage. The adder bites you.
You are poisoned.
The adder poisons you!
You barely miss the adder.
You feel sick. The adder barely misses you. The gnoll barely misses you.
The adder bites you but does no damage.
The gnoll hits you from afar with a +0 halberd!
You barely miss the adder. You hit the hobgoblin.
You kill the hobgoblin!
You feel sick. The adder barely misses you. You furiously retaliate!
You headbutt the adder.
The gnoll hits you from afar with a +0 halberd!
You die...

##### #...# ... #.#.##
... #.#..# [...
##.##.#### .....
#..##....# #.....
#.######.## #...... #.#
#..######g...... #.#
##..##.@Sgg.<...
###.########....###......
.........................
##.##########.#####......
#..# #####..# ..g. #.##
###.(....## ....
#.####...##.#..# #....
.......###..##.#####..#..
..#######..###..........#


You could see 3 gnolls and an adder.

Vanquished Creatures
  A worm (D:2)
  3 bats (D:2)
  4 endoplasms (D:2)
  2 goblins (D:2)
  A hobgoblin (D:2)
  A ball python (D:2)
  2 kobolds
  2 rats (D:2)
16 creatures vanquished.

Notes
Turn   | Place    | Note
-------+----------+-------------------------------------------
     0 | D:1      | Babtu the Minotaur Fighter began the quest for the Orb.
     0 | D:1      | Reached XP level 1. HP: 19/19 MP: 0/0
    49 | D:1      | You fall into a shaft and drop 1 floor!
   208 | D:2      | Reached skill level 3 in Axes
   271 | D:2      | Reached XP level 2. HP: 26/26 MP: 1/1
   384 | D:2      | Reached skill level 4 in Axes
   438 | D:2      | Slain by a gnoll

Illustrated notes

Levels and vault maps discovered:
D:1:      dpeg_arrival_windows_large_door, layout_rooms, basic_ecumenical_altar,
          hex_large
D:2:      layout_rooms

Skill      XL: |  1  2 |
---------------+-------+-----
Axes           | 3 4 |  4.0
Fighting       | |  3.6
Armour         | |  3.6
Shields        | |  3.6

Action                   || total
-------------------------++-------
Melee: War axe           ||    35
       Headbutt          ||     4
Armor: Scale mail        ||     9
Dodge: Dodged            ||    19
Block: Buckler           ||     7

Table legend: (Time is in decaauts)
 A = Elapsed time spent in this place.
 B = Non-inter-level travel time spent in this place.
 C = Inter-level travel time spent in this place.
 D = Time resting spent in this place.
 E = Time spent auto-exploring this place.
 F = Levels seen in this place.
 G = Mean time per level.
                   A        B        C        D        E       F      G
               +--------+--------+--------+--------+--------+-----+--------+
         Total |    451 |    451 |      0 |      0 |    350 |   2 |  225.5 |
       Dungeon |    451 |    451 |      0 |      0 |    350 |   2 |  225.5 |
               +--------+--------+--------+--------+--------+-----+--------+

Top non-repeatable levels by time:
     D:2: 400 daAuts
     D:1: 50 daAuts
